 Dungeon Crawl Stone Soup version 0.27-a0-1312-g5cdb2b3542 (webtiles) character file.

Game seed: 4983257978931318451

368781 Johnny the Sorcerer (level 21, -1/148 HPs)
             Began as a Deep Elf Earth Elementalist on June 19, 2021.
             Was the Champion of Dithmenos.
             Killed from afar by a tengu reaver (56 damage)
             ... with a bolt of fire
             ... on level 3 of the Vaults.
             The game lasted 01:27:57 (53828 turns).

Johnny the Sorcerer (Deep Elf Earth Elementalist)  Turns: 53828, Time: 01:27:57

Health: -1/148     AC: 19    Str:  8    XL:     21   Next: 65%
Magic:  4/48       EV: 12    Int: 34    God:    Dithmenos [******]
Gold:   2049       SH: 17    Dex: 18    Spells: 28/63 levels left

rFire    . . .     SeeInvis .   y - staff of earth
rCold    + + .     Faith    .   t - +5 kite shield {rC+ rF+}
rNeg     . . .     Spirit   .   w - +4 troll leather armour {Purgy}
rPois    +         Reflect  .   v - +2 helmet
rElec    +         Harm     +   o - +2 cloak
rCorr    +         Rampage  +   l - +1 pair of gloves {Str+3}
Will     +++++                  G - +2 pair of boots {rampage}
Stlth    ++++......             S - amulet "Hipsem" {RegenMP Harm Will+ rCorr}
HPRegen  1.34/turn              Y - ring of the Firefly {Ice rElec rPois Will+ Dex+3}
MPRegen  0.56/turn              N - ring of the Mage {Wiz Will++ Int+3}

@: lethally poisoned (-1 -> -2), corroded, very slightly contaminated, wreathed
by umbra, studying Polearms, invisible
A: no striking features
}: 2/15 runes: barnacled, gossamer
a: Renounce Religion, Shadow Step, Shadow Form


You were on level 3 of the Vaults.
You worshipped Dithmenos.
Dithmenos was exalted by your worship.
You visited 9 branches of the dungeon, and saw 39 of its levels.
You also visited: Sewer, Gauntlet, Ice Cave and Desolation.

You collected 7599 gold pieces.
You spent 5550 gold pieces at shops.

Inventory:

Hand Weapons
 H - the +12 falchion "Difut" {vorpal, rElec rCorr Str+8}
   (You found it on level 1 of the Vaults)

   It inflicts extra damage upon your enemies.
   It affects your strength (+8).
   It insulates you from electricity.
   It protects you from acid and corrosion.
Missiles
 c - 1002 stones
 p - 16 atropa-tipped darts
 z - 4 curare-tipped darts
 J - 14 throwing nets
Armour
 l - a +1 pair of gloves of strength (worn)
 o - a +2 cloak (worn)
 t - a +5 kite shield of resistance (worn)
 v - a +2 helmet (worn)
 w - a +4 troll leather armour (worn) {Purgy}
 E - the +2 pair of boots of Tomorrow {rF++ rN+ rCorr Stlth-}
   (You found it in the Desolation of Salt)

   It greatly protects you from fire.
   It protects you from negative energy.
   It protects you from acid and corrosion.
   It makes you less stealthy.
 G - a +2 pair of boots of rampaging (worn)
Magical Staves
 y - a staff of earth (weapon)
Jewellery
 h - the ring of Jyelok {rPois rF+ Will++ rCorr}
   (You acquired it on level 14 of the Dungeon)

   [ring of protection from fire]

   It protects you from fire.
   It protects you from poison.
   It protects you from acid and corrosion.
   It greatly increases your willpower.
 N - the ring of the Mage (right hand) {Wiz Will++ Int+3}
   (You found it on level 8 of the Dungeon)

   [ring of wizardry]

   It improves your spell success rate.
   It affects your intelligence (+3).
   It greatly increases your willpower.
 S - the amulet "Hipsem" (around neck) {RegenMP Harm Will+ rCorr}
   (You found it on level 9 of the Dungeon)

   [amulet of magic regeneration]

   It increases your rate of magic regeneration.
   It protects you from acid and corrosion.
   It increases damage dealt and taken.
   It increases your willpower.
 Y - the ring of the Firefly (left hand) {Ice rElec rPois Will+ Dex+3}
   (You found it in an ice cave)

   [ring of ice]

   It enhances your ice magic.
   It affects your dexterity (+3).
   It makes you vulnerable to fire.
   It protects you from cold.
   It insulates you from electricity.
   It protects you from poison.
   It increases your willpower.
Wands
 P - a wand of digging (6)
 W - a wand of acid (6)
 X - a wand of iceblast (5)
Scrolls
 d - 8 scrolls of immolation
 e - 4 scrolls of torment
 g - 9 scrolls of teleportation
 k - 3 scrolls of vulnerability
 r - 3 scrolls of magic mapping
 s - 9 scrolls of fog
 u - 6 scrolls of noise
 x - 4 scrolls of blinking
 I - a scroll of silence
 Q - 3 scrolls of holy word
 T - 3 scrolls of summoning
 U - 18 scrolls of identify
Potions
 a - 20 potions of curing
 b - 9 potions of brilliance
 f - 10 potions of haste
 j - 9 potions of attraction
 m - 10 potions of might
 n - 4 potions of berserk rage
 q - 2 potions of invisibility
 A - 11 potions of heal wounds
 C - 16 potions of lignification
 F - 5 potions of magic
 K - 6 potions of ambrosia
 L - 5 potions of resistance
 M - 5 potions of mutation
 R - 12 potions of flight
 V - 2 potions of cancellation
Miscellaneous
 B - a tin of tremorstones (2/2)
 O - a condenser vane
 Z - a lightning rod (4/4)


   Skills:
 + Level 20.9 Fighting
 - Level 11.4 Armour
 - Level 2.4 Dodging
 - Level 2.4 Stealth
 - Level 13.4 Shields
 + Level 21.6 Spellcasting
 - Level 1.1 Transmutations
 + Level 18.9 Earth Magic


You had 28 spell levels left.
You knew the following spells:

 Your Spells              Type           Power      Damage    Failure   Level
a - Sandblast             Erth           100%       2d20      0%          1
b - Bolt of Magma         Conj/Fire/Erth 44%        4d18      1%          5
c - Lee's Rapid Deconstr  Erth           64%        3d30*     0%          5
d - Petrify               Tmut/Erth      100%       N/A       1%          4
e - Stone Arrow           Conj/Erth      100%       3d13      1%          3
f - Iron Shot             Conj/Erth      50%        9d10      1%          6
g - Shatter               Erth           64%        3d47*     22%         9
p - Passwall              Tmut/Erth      85%        N/A       1%          2

Your spell library contained the following spells:

 Spells                   Type           Power      Damage    Failure   Level
 Animate Skeleton         Necr           72%        N/A       1%          1
 Apportation              Tloc           72%        N/A       1%          1
 Corona                   Hex            40%        N/A       1%          1
 Foxfire                  Conj/Fire      100%       2x1d9     1%          1
 Shock                    Conj/Air       100%       1d9       1%          1
 Sting                    Tmut/Pois      100%       1d8       1%          1
 Summon Small Mammal      Summ           100%       N/A       1%          1
 Ensorcelled Hibernation  Hex/Ice        100%       N/A       1%          2
 Poisonous Vapours        Pois/Air       72%        N/A       1%          2
 Slow                     Hex            36%        N/A       1%          2
 Static Discharge         Conj/Air       36%        N/A       1%          2
 Call Canine Familiar     Summ           36%        N/A       1%          3
 Confusing Touch          Hex            36%        N/A       1%          3
 Conjure Flame            Conj/Fire      36%        6-21      1%          3
 Dazzling Flash           Conj/Hex       72%        N/A       1%          3
 Gell's Gravitas          Tloc           18%        N/A       1%          3
 Ignite Poison            Fire/Tmut/Pois 39%        N/A       1%          3
 Inner Flame              Hex/Fire       36%        N/A       1%          3
 Mephitic Cloud           Conj/Pois/Air  36%        N/A       1%          3
 Portal Projectile        Hex/Tloc       72%        N/A       1%          3
 Summon Guardian Golem    Hex/Summ       36%        N/A       1%          3
 Swiftness                Air            36%        N/A       1%          3
 Tukima's Dance           Hex            36%        N/A       1%          3
 Animate Armour           Summ/Erth      100%       N/A       1%          4
 Leda's Liquefaction      Hex/Erth       50%        N/A       1%          4
 Statue Form              Tmut/Erth      68%        N/A       1%          6
 Airstrike                Air            18%        N/A       5%          4
 Cause Fear               Hex            18%        N/A       5%          4
 Passage of Golubria      Tloc           N/A        N/A       5%          4
 Sticky Flame             Conj/Fire      36%        2d6       5%          4
 Summon Ice Beast         Ice/Summ       53%        N/A       5%          4
 Summon Lightning Spire   Summ/Air       36%        N/A       5%          4
 Alistair's Intoxication  Tmut/Pois      26%        N/A       12%         5
 Fireball                 Conj/Fire      18%        3d9       16%         5
 Freezing Cloud           Conj/Ice/Air   26%        6-21      16%         5
 Lightning Bolt           Conj/Air       18%        1d32      16%         5
 Silence                  Hex/Air        18%        N/A       16%         5
 Summon Forest            Summ/Tloc      18%        N/A       16%         5
 Summon Mana Viper        Hex/Summ       36%        N/A       16%         5
 Conjure Ball Lightning   Conj/Air       18%        3x3d6     58%         6
 Dispersal                Tloc           18%        N/A       58%         6
 Invisibility             Hex            18%        N/A       58%         6
 Shadow Creatures         Summ           N/A        N/A       58%         6
 Starburst                Conj/Fire      18%        8x6d7     58%         6
 Storm Form               Tmut/Air       20%        N/A       96%         7
 Malign Gateway           Summ/Tloc      18%        N/A       98%         7
 Summon Hydra             Summ           18%        N/A       98%         7
 Borgnjor's Revivificati  Necr           18%        N/A       100%        8
 Disjunction              Tloc           18%        N/A       100%        8
 Ignition                 Fire           18%        3d7       100%        8
 Infestation              Necr           18%        N/A       100%        8
 Necromutation            Tmut/Necr      20%        N/A       100%        8
 Death's Door             Necr           18%        N/A       100%        9


Dungeon Overview and Level Annotations

Branches:
Dungeon (15/15)            Temple (1/1) D:5            Lair (6/6) D:10
 Shoals (4/4) Lair:3       Spider (4/4) Lair:2        Slime (0/5) Lair:5
    Orc (2/2) D:9             Elf (3/3) Orc:2        Vaults (3/5) D:14
  Crypt (1/3) Vaults:2     Depths (0/5) D:15          Sewer (visited)
  IceCv (visited)         Desolation (visited)      Gauntlet (visited)

Altars:
Ashenzari
Cheibriados
Dithmenos
Gozag
Hepliaklqana
Kikubaaqudgha
Makhleb
Nemelex Xobeh
Qazlal
Ru
Sif Muna
Trog
Uskayaw
Vehumet
Wu Jian
Yredelemnul
Zin
The Shining One
Beogh

Shops:
D:1 ***!   D:4 **   D:5 [   D:13 !   Orc:2 *([=   Elf:1 [**(   Elf:3 :=:
Shoals:2 :*   Shoals:4 (   Vaults:1 *

Annotations:
Vaults:3 Aizul


Message History

Aiming: Lee's Rapid Deconstruction (safe; 0% risk of failure)
Press: ? - help, Dir - move target A crystal wall.
This square is wreathed by an umbra.
You feel a surge of power!
The crystal wall shatters!
The blast of crystal shards hits the tengu reaver but does no damage.
The tengu reaver is moderately wounded.
The tengu reaver casts a spell at you. The bolt of poison hits you!
You are poisoned.
You resist.
Okay, then.
Okay, then.
You feel much better.
You feel very sick.
The tengu reaver gestures at you while chanting.
The bolt of lightning hits you. You resist. The bolt of lightning hits you!
You resist.
You fade into invisibility!
You feel very sick.
The tengu reaver points at you and mumbles some strange words.
The bolt of cold hits you! You resist.
You are very lightly contaminated with residual magic.
You feel much better.
You feel very sick.
The tengu reaver points at you and mumbles some strange words.
The bolt of acid hits you!! You resist.
You are splashed with acid!
You resist.
* * * LOW HITPOINT WARNING * * *
You feel much better.
You feel sick.
Casting: Lee's Rapid Deconstruction (safe; 0% risk of failure)
Confirm with . or Enter, or press ? or * to list all spells.
You don't have enough magic to cast this spell.
Unknown command.
Okay, then.
As you read the scroll of fear, it crumbles to dust.
You assume a fearsome visage.
The tengu reaver easily resists.
The fire giant looks frightened!
You feel sick. The tengu reaver casts a spell at you.
The bolt of fire hits you!!!
You die...

W# #### #####........ .)##
##########..###...'........
#)..###.§§...p.#..#.#.(.#########
..))§C#.§§§..C.'Q.'##'###
))).§§p)§§§....####C.#.#
#...###§§§.....##.#Q.#### .Q##
#........###'##'..# )
##########...#.#..# #@..###..#
##### #### ..8# .... .... ..8# .


You could see a fire giant (fleeing) and a tengu reaver.

Vanquished Creatures
  Saint Roka (Orc:2)
  Nikola (Spider:1)
  A lich (Vaults:1)
  2 deep elf master archers (Elf:3)
  3 deep elf blademasters
  A kraken (Shoals:2)
  2 ancient champions (Vaults:2)
  A sphinx (Vaults:1)
  A tengu reaver (Vaults:3)
  2 imperial myrmidons (Desolation)
  2 ghost moths (Spider:4)
  6 deep elf sorcerers
  8 emperor scorpions
  2 vault wardens (Vaults:2)
  7 deep elf elementalists (Elf:3)
  12 ironbound preservers
  3 very ugly things
  8 deep elf annihilators (Elf:3)
  Azrael (D:14)
  9 spark wasps
  A white draconian (IceCv)
  4 deep elf demonologists
  4 entropy weavers
  4 dire elephants
  A minotaur (Gauntlet)
  7 deep elf death magi
  3 merfolk javelineers (Shoals:4)
  A crystal guardian (Desolation)
  2 fire dragons (D:15)
  5 ironbound thunderhulks
  6 merfolk impalers
  3 deep elf high priests (Elf:3)
  6 ragged hierophants (Desolation)
  2 yaktaur captains (Vaults:3)
  2 great orbs of eyes
  5 servants of whispers
  An ogre mage (D:14)
  14 peacekeepers (Desolation)
  11 hydras
  4 vault guards
  5 ironbound frosthearts
  5 boulder beetles
  Erica (Lair:1)
  4 satyrs (Shoals:4)
  3 two-headed ogres
  21 dancing weapons
  6 merfolk aquamancers
  2 death knights
  A catoblepas (Lair:4)
  2 merfolk avatars
  7 centaur warriors
  3 tengu warriors
  A hell hog (Gauntlet)
  An orc high priest (Orc:2)
  6 death yaks
  6 ironbound beastmasters
  Urug (Lair:2)
  A vampire mage (Vaults:2)
  16 deep elf knights
  A soul eater (Vaults:2)
  A flayed ghost (D:15)
  3 skeletal warriors (D:12)
  14 sea snakes
  33 deep trolls
  An obsidian statue (D:15)
  A swamp dragon (shapeshifter) (Vaults:1)
  A phantasmal warrior (Vaults:3)
  20 ironbound convokers
  27 deep elf zephyrmancers
  15 deep elf archers
  3 lindwurms
  6 wizards
  9 cyclopes
  A necromancer (Vaults:3)
  19 orb spiders
  38 deep elf pyromancers
  36 harpies
  6 oklob plants
  9 orc knights
  5 orc sorcerers
  27 wolf spiders
  8 ugly things
  A cyclops (shapeshifter) (Elf:3)
  13 manticores
  6 black mambas
  10 fauns
  2 moths of wrath
  A fire giant skeleton (Vaults:3)
  A moth of wrath (shapeshifter) (D:15)
  3 molten gargoyles
  18 elephants
  2 ice statues
  12 vault sentinels
  2 gargoyles
  7 merfolk sirens
  2 guardian serpents (Desolation)
  7 water nymphs
  15 cane toads
  A torpor snail (Spider:3)
  A yaktaur zombie (Vaults:3)
  4 freezing wraiths
  A rime drake (Lair:6)
  15 yaktaurs
  25 demonic crawlers
  An ice devil (Lair:2)
  10 komodo dragons
  2 unseen horrors
  4 red devils (D:14)
  7 wind drakes
  29 merfolk
  4 trolls
  A tengu simulacrum (Vaults:3)
  Grinder (D:5)
  30 jumping spiders
  23 polar bears
  19 hornets
  21 blink frogs
  67 saltlings
  19 slime creatures
  10 dream sheep (Lair:5)
  4 snapping turtles
  A stone giant simulacrum (Vaults:3)
  A shadow (D:12)
  2 centaur simulacra (D:14)
  93 redbacks
  Sigmund (D:5)
  A spriggan (Lair:3)
  2 vampires
  2 air elementals
  17 water elementals
  8 wyverns
  51 yaks
  3 wraiths
  28 tarantellas
  4 fire bats (Gauntlet)
  7 fire elementals
  10 basilisks
  9 vampire mosquitoes
  A steam dragon (D:8)
  7 hell hounds
  3 wargs (Orc:2)
  Purgy (Sewer)
  17 water moccasins
  A swamp drake (D:9)
  A necrophage (D:6)
  3 ice beasts (Lair:2)
  35 orc warriors
  3 black bears (D:10)
  53 wolves
  4 ogres
  6 boggarts
  6 centaurs
  A phantom (D:5)
  Blork the orc (Orc:2)
  17 bullfrogs
  3 earth elementals
  3 kobold brigands
  4 wyvern zombies
  5 scorpions
  2 gnoll sergeants
  20 killer bees
  13 wights
  4 centaur zombies
  3 electric eels (Spider:3)
  3 howler monkeys (D:9)
  2 crimson imps
  2 hounds (D:6)
  22 orc priests
  2 bullfrog skeletons
  3 jellies
  Ijyb (D:5)
  22 orc wizards
  A killer bee zombie (D:5)
  A hound skeleton (D:3)
  14 gnolls
  8 adders
  5 white imps
  An ufetubus (D:4)
  7 worms
  3 dart slugs
  63 orcs
  4 ball pythons
  7 endoplasms
  2 giant cockroaches (D:3)
  14 goblins
  13 hobgoblins
  3 jackals (D:4)
  A quokka (D:1)
  2 training dummies (Shoals:4)
  A ball python skeleton (D:3)
  9 bats
  A frilled lizard (D:1)
  A jackal skeleton (D:4)
  18 kobolds
  3 rats
1632 creatures vanquished.

Vanquished Creatures (collateral kills)
  A deep elf elementalist (Elf:3)
1 creature vanquished.

Vanquished Creatures (others)
  3 polar bears (IceCv)
  3 yaks (IceCv)
  An orc (D:9)
  A training dummy (Shoals:4)
  90 fungi
  304 plants
  4 tentacles (Shoals:2)
  A withered plant (D:3)
407 creatures vanquished.

Grand Total: 2040 creatures vanquished

Notes
Turn   | Place    | Note
-------+----------+-------------------------------------------
     0 | D:1      | Johnny the Deep Elf Earth Elementalist began the quest for
                  | the Orb.
     0 | D:1      | Reached XP level 1. HP: 10/10 MP: 6/6
   212 | D:1      | Found Tobovig's General Store.
   460 | D:1      | Found Mefaw's Assorted Antiques.
   461 | D:1      | Found Ifowush's Distillery.
   468 | D:1      | Reached XP level 2. HP: 16/16 MP: 5/8
   613 | D:1      | Reached skill level 1 in Fighting
   659 | D:1      | Found Dash's Assorted Antiques.
  1020 | D:1      | Learned a level 2 spell: Passwall
  1295 | D:2      | Reached XP level 3. HP: 17/20 MP: 10/10
  2486 | D:3      | Reached XP level 4. HP: 24/26 MP: 8/11
  2535 | D:3      | Reached skill level 4 in Spellcasting
  2925 | D:3      | Found a glowing drain.
  2944 | Sewer    | Entered a sewer
  2993 | Sewer    | Noticed Purgy
  3002 | Sewer    | Killed Purgy
  3003 | Sewer    | Reached XP level 5. HP: 25/32 MP: 5/14
  3190 | D:3      | Found a faded altar of an unknown god.
  3239 | D:3      | Reached skill level 5 in Spellcasting
  3239 | D:3      | Reached XP level 6. HP: 37/37 MP: 11/15
  3489 | D:4      | Found Iduafomi's Assorted Antiques.
  3562 | D:4      | Reached skill level 5 in Earth Magic
  3749 | D:4      | Found Jophyus's Mass Market.
  3945 | D:4      | Found a hazy altar of Hepliaklqana.
  3948 | D:4      | Found a sacrificial altar of Ru.
  4117 | D:1      | Bought a scroll of identify for 26 gold pieces
  4117 | D:1      | Bought 13 stones for 16 gold pieces
  4117 | D:1      | Bought a potion of heal wounds for 65 gold pieces
  4243 | D:5      | Entered Level 5 of the Dungeon
  4369 | D:5      | Noticed Ijyb
  4369 | D:5      | Noticed a water moccasin
  4380 | D:5      | Killed a water moccasin
  4381 | D:5      | Reached XP level 7. HP: 44/44 MP: 11/17
  4403 | D:5      | Killed Ijyb
  4552 | D:5      | Reached skill level 6 in Spellcasting
  4556 | D:5      | Learned a level 3 spell: Stone Arrow
  4714 | D:5      | Noticed Grinder
  4729 | D:5      | Killed Grinder
  4730 | D:5      | Reached skill level 5 in Fighting
  4730 | D:5      | Reached XP level 8. HP: 49/49 MP: 6/20
  4860 | D:5      | Noticed Sigmund
  4870 | D:5      | Killed Sigmund
  4871 | D:5      | Reached skill level 7 in Spellcasting
  4935 | D:5      | Found Momafiqe's Antique Armour Boutique.
  4940 | D:5      | Bought a pair of embroidered boots for 225 gold pieces
  5166 | D:5      | Found a staircase to the Ecumenical Temple.
  5185 | Temple   | Entered the Ecumenical Temple
  5292 | Temple   | Became a worshipper of Dithmenos the Shadowed
  6636 | D:6      | Reached skill level 8 in Spellcasting
  6922 | D:7      | Reached * piety under Dithmenos
  7083 | D:7      | Reached XP level 9. HP: 48/56 MP: 11/23
  7262 | D:7      | Paralysed by a hornet for 2 turns
  7266 | D:7      | Paralysed by a hornet for 1 turns
  7751 | D:8      | Reached skill level 9 in Spellcasting
  8003 | D:8      | Learned a level 5 spell: Lee's Rapid Deconstruction
  8008 | D:8      | Learned a level 4 spell: Petrify
  8335 | D:8      | Found the ring of the Mage {Wiz Will++ Int+3}
  8370 | D:8      | Reached ** piety under Dithmenos
  8608 | D:8      | Found a burning altar of Makhleb.
  8609 | D:8      | Found a radiant altar of Vehumet.
  8611 | D:8      | Reached XP level 10. HP: 65/65 MP: 23/25
  8671 | D:8      | Found a bloodstained altar of Trog.
  8868 | D:8      | Reached skill level 10 in Spellcasting
  9071 | D:9      | Found a staircase to the Orcish Mines.
  9862 | D:9      | Reached *** piety under Dithmenos
 10088 | D:9      | Noticed a manticore
 10091 | D:9      | Killed a manticore
 10216 | D:9      | Identified the amulet "Hipsem" {RegenMP Harm Will+ rCorr}
 10335 | D:9      | Found an ornate altar of the Wu Jian Council.
 10423 | D:10     | Entered Level 10 of the Dungeon
 10426 | D:10     | Noticed a gargoyle
 10431 | D:10     | Killed a gargoyle
 10706 | D:10     | Reached skill level 11 in Spellcasting
 10892 | D:10     | Noticed a two-headed ogre
 10897 | D:10     | Killed a two-headed ogre
 10898 | D:10     | Reached skill level 10 in Fighting
 10898 | D:10     | Reached XP level 11. HP: 72/72 MP: 8/28
 10935 | D:10     | Reached skill level 1 in Shields
 11119 | D:10     | Noticed a centaur warrior
 11125 | D:10     | Killed a centaur warrior
 11126 | D:10     | Reached skill level 10 in Earth Magic
 11428 | D:10     | Found a staircase to the Lair.
 12191 | D:11     | Noticed a two-headed ogre
 12197 | D:11     | Killed a two-headed ogre
 12328 | D:11     | Reached **** piety under Dithmenos
 12406 | D:11     | Noticed a two-headed ogre
 12411 | D:11     | Killed a two-headed ogre
 12584 | D:11     | Reached skill level 12 in Spellcasting
 13443 | D:12     | Noticed a deep elf pyromancer
 13444 | D:12     | Killed a deep elf pyromancer
 13506 | D:12     | Noticed a skeletal warrior
 13509 | D:12     | Killed a skeletal warrior
 13689 | D:12     | Noticed a skeletal warrior
 13691 | D:12     | Killed a skeletal warrior
 13692 | D:12     | Reached XP level 12. HP: 80/80 MP: 14/30
 14584 | D:13     | Noticed a death knight
 14617 | D:14     | Noticed a centaur warrior
 14651 | D:14     | Found a frozen archway.
 14659 | IceCv    | Entered an ice cave
 14791 | IceCv    | Reached skill level 13 in Spellcasting
 15003 | IceCv    | Reached ***** piety under Dithmenos
 15326 | IceCv    | Noticed a death yak
 15350 | IceCv    | Killed a death yak
 15351 | IceCv    | Reached skill level 5 in Shields
 15841 | IceCv    | Noticed a white draconian
 15841 | IceCv    | Noticed a death yak
 15841 | IceCv    | Noticed a death yak
 15851 | IceCv    | Killed a death yak
 15858 | IceCv    | Killed a death yak
 15939 | IceCv    | Killed a white draconian
 15940 | IceCv    | Reached XP level 13. HP: 87/87 MP: 4/32
 16081 | IceCv    | Identified the ring of the Firefly {Ice rElec rPois Will+
                  | Dex+3}
 16284 | D:14     | Noticed Azrael
 16289 | D:14     | Killed Azrael
 16628 | Lair:1   | Entered Level 1 of the Lair of Beasts
 16692 | Lair:1   | Found a gate leading to a gauntlet.
 16702 | Gauntlet | Entered a Gauntlet
 16702 | Gauntlet | Found a transporter.
 16760 | Gauntlet | Found a transporter.
 16762 | Gauntlet | Found a transporter.
 16762 | Gauntlet | Found a transporter.
 16765 | Gauntlet | Found a transporter.
 16766 | Gauntlet | Found a transporter.
 16767 | Gauntlet | Found a large runed translucent door.
 16768 | Gauntlet | Found a large runed translucent door.
 16769 | Gauntlet | Found a large runed translucent door.
 16769 | Gauntlet | Found a large runed translucent door.
 16769 | Gauntlet | Found a runed translucent door.
 16770 | Gauntlet | Found a large runed translucent door.
 16771 | Gauntlet | Found a large runed translucent door.
 16772 | Gauntlet | Found a large runed translucent door.
 16772 | Gauntlet | Found a large runed translucent door.
 16773 | Gauntlet | Found a runed translucent gate.
 16773 | Gauntlet | Found a runed translucent gate.
 16774 | Gauntlet | Found a transporter.
 16782 | Gauntlet | Found a transporter.
 16783 | Gauntlet | Found a runed translucent gate.
 16783 | Gauntlet | Found a runed translucent door.
 16784 | Gauntlet | Found a large runed translucent door.
 16784 | Gauntlet | Found a large runed translucent door.
 16785 | Gauntlet | Found a large runed translucent door.
 16786 | Gauntlet | Found a large runed translucent door.
 16795 | Gauntlet | Found a large runed translucent door.
 16795 | Gauntlet | Found a large runed translucent door.
 16796 | Gauntlet | Found a large runed translucent door.
 16797 | Gauntlet | Found a large runed translucent door.
 16841 | Gauntlet | Found a transporter.
 16844 | Gauntlet | Noticed a blizzard demon
 16853 | Gauntlet | Found a transporter.
 16857 | Gauntlet | Found a transporter.
 16872 | Gauntlet | Found a transporter.
 16878 | Gauntlet | Noticed a blizzard demon
 16943 | Gauntlet | Identified the +0 pair of boots "Doanoc" {Fly rN+ Dex+3
                  | Stlth-}
 17078 | Gauntlet | Reached skill level 1 in Armour
 17078 | Gauntlet | Reached skill level 14 in Spellcasting
 17191 | Gauntlet | Noticed a minotaur
 17196 | Gauntlet | Killed a minotaur
 17846 | Lair:1   | Reached ****** piety under Dithmenos
 18340 | Lair:1   | Noticed Erica
 18347 | Lair:1   | Killed Erica
 19343 | Lair:2   | Noticed Urug
 19352 | Lair:2   | Killed Urug
 19983 | Lair:2   | Found a hole to the Spider Nest.
 20691 | Lair:3   | Reached XP level 14. HP: 84/94 MP: 16/34
 20986 | Lair:3   | Reached skill level 5 in Armour
 21085 | Lair:3   | Learned a level 5 spell: Bolt of Magma
 21092 | Lair:3   | Learned a level 6 spell: Iron Shot
 21444 | Lair:3   | Found a staircase to the Shoals.
 22169 | Lair:4   | Reached skill level 15 in Spellcasting
 22458 | Lair:4   | Identified a scroll of acquirement
 22460 | Lair:4   | Acquired 1110 gold pieces
 22836 | Lair:4   | Found a hide-covered altar of Uskayaw.
 24419 | Lair:5   | Identified the +0 plate armour "Wuoxotta" {Str+3 Int+5
                  | Dex-5}
 24469 | Lair:5   | Found a staircase to the Slime Pits.
 24631 | Lair:6   | Entered Level 6 of the Lair of Beasts
 24649 | Lair:6   | Found a stormy altar of Qazlal.
 24902 | Lair:6   | Reached XP level 15. HP: 65/100 MP: 5/36
 26247 | Orc:1    | Entered Level 1 of the Orcish Mines
 26847 | Orc:2    | Entered Level 2 of the Orcish Mines
 27247 | Orc:2    | Noticed Blork the orc
 27266 | Orc:2    | Killed Blork the orc
 27331 | Orc:2    | Found a staircase to the Elven Halls.
 27620 | Orc:2    | Reached skill level 16 in Spellcasting
 27677 | Orc:2    | Noticed Saint Roka
 27745 | Orc:2    | Killed Saint Roka
 27829 | Orc:2    | Found Ciumipn's Jewellery Boutique.
 27870 | Orc:2    | Found Cob Ost's Antique Armour Boutique.
 27878 | Orc:2    | Bought a runed robe for 125 gold pieces
 27947 | Orc:2    | Found Umang's Antique Weapon Boutique.
 28002 | Orc:2    | Found Ottappym's General Store.
 28009 | Orc:2    | Bought 2 potions of heal wounds for 140 gold pieces
 28009 | Orc:2    | Bought a scroll of summoning for 133 gold pieces
 28730 | D:1      | Bought a pair of embroidered gloves for 187 gold pieces
 28730 | D:1      | Bought a potion of mutation for 200 gold pieces
 28730 | D:1      | Bought a scroll of magic mapping for 87 gold pieces
 28730 | D:1      | Bought a metallic inky potion for 22 gold pieces
 28735 | D:1      | Bought a potion of lignification for 39 gold pieces
 28735 | D:1      | Bought a potion of lignification for 39 gold pieces
 28735 | D:1      | Bought a potion of brilliance for 52 gold pieces
 28735 | D:1      | Bought a potion of resistance for 130 gold pieces
 28735 | D:1      | Bought a potion of curing for 39 gold pieces
 28735 | D:1      | Bought a potion of curing for 39 gold pieces
 28735 | D:1      | Bought a potion of flight for 39 gold pieces
 28735 | D:1      | Bought a potion of curing for 39 gold pieces
 28784 | D:1      | Bought a potion of mutation for 176 gold pieces
 28784 | D:1      | Bought 2 potions of heal wounds for 220 gold pieces
 28784 | D:1      | Bought a scroll of fog for 44 gold pieces
 28784 | D:1      | Bought a potion of lignification for 66 gold pieces
 28834 | D:4      | Bought a potion of flight for 60 gold pieces
 28834 | D:4      | Bought a ripped robe for 114 gold pieces
 28834 | D:4      | Identified the +0 robe "Temaasm" {Drain rF+++ rCorr Stlth-}
                  | (You bought it in a shop on level 4 of the Dungeon)
 28834 | D:4      | Bought a scroll of enchant armour for 150 gold pieces
 28834 | D:4      | Bought a scroll labelled AROGHO GOET for 20 gold pieces
 28834 | D:4      | Bought a scroll of identify for 40 gold pieces
 28834 | D:4      | Bought a scroll of identify for 40 gold pieces
 29287 | Elf:1    | Entered Level 1 of the Elven Halls
 29319 | Elf:1    | Reached skill level 15 in Fighting
 29636 | Elf:1    | Found Riusozi's General Store.
 29673 | Elf:1    | Bought a scroll of identify for 28 gold pieces
 29673 | Elf:1    | Bought a scroll of holy word for 105 gold pieces
 29673 | Elf:1    | Bought a potion of haste for 140 gold pieces
 29687 | Elf:1    | Found Iceereijo's Antique Weapon Shoppe.
 29813 | Elf:1    | Identified Sif Muna's Guide on Calling
 29883 | Elf:1    | Found Joigg's Assorted Antiques.
 29892 | Elf:1    | Bought a scroll of blinking for 240 gold pieces
 29892 | Elf:1    | Bought a scroll of identify for 64 gold pieces
 29892 | Elf:1    | Bought a scroll of identify for 64 gold pieces
 29892 | Elf:1    | Bought a potion of curing for 96 gold pieces
 29892 | Elf:1    | Bought a potion of lignification for 96 gold pieces
 29892 | Elf:1    | Bought a potion of flight for 96 gold pieces
 30194 | Elf:1    | Reached XP level 16. HP: 108/108 MP: 23/38
 30366 | Elf:1    | Found Fueheleho's Antique Armour Shop.
 31107 | Elf:2    | Reached skill level 10 in Armour
 31437 | Elf:2    | Found a huge runed translucent gate.
 31437 | Elf:2    | Found a huge runed translucent gate.
 31437 | Elf:2    | Found a huge runed translucent gate.
 31437 | Elf:2    | Found a huge runed translucent gate.
 31440 | Elf:2    | Found a huge runed translucent gate.
 31909 | Elf:2    | Reached skill level 17 in Spellcasting
 32282 | Elf:2    | Noticed a deep elf blademaster
 32288 | Elf:2    | Killed a deep elf blademaster
 32382 | Elf:2    | Reached skill level 15 in Earth Magic
 32506 | Elf:3    | Entered Level 3 of the Elven Halls
 32872 | Elf:3    | Reached XP level 17. HP: 92/115 MP: 34/40
 33027 | Elf:3    | Noticed a deep elf master archer
 33029 | Elf:3    | Killed a deep elf master archer
 33084 | Elf:3    | Reached skill level 10 in Shields
 33177 | Elf:3    | Noticed a deep elf blademaster
 33180 | Elf:3    | Noticed a deep elf blademaster
 33187 | Elf:3    | Killed a deep elf blademaster
 33190 | Elf:3    | Killed a deep elf blademaster
 33394 | Elf:3    | Noticed a deep elf master archer
 33406 | Elf:3    | Killed a deep elf master archer
 33735 | Elf:3    | Identified the +6 scimitar of Moxoramu {flame, Will+ Dex+2}
 33826 | Elf:3    | Identified Advanced Steps in Wizardry
 34134 | Elf:3    | Reached skill level 18 in Spellcasting
 34251 | Elf:3    | Found Lupaut's Book Shoppe.
 34251 | Elf:3    | Found Wuhil's Jewellery Boutique.
 34253 | Elf:3    | Found Woent's Book Shoppe.
 34273 | Elf:3    | Learned a level 9 spell: Shatter
 34700 | D:13     | Found Exuck's Distillery.
 34719 | D:13     | Bought 2 potions of heal wounds for 140 gold pieces
 34719 | D:13     | Bought a potion of heal wounds for 70 gold pieces
 34719 | D:13     | Bought a potion of heal wounds for 70 gold pieces
 35275 | D:14     | Acquired the ring of Jyelok {rPois rF+ Will++ rCorr}
 35537 | D:14     | Found a gate to the Vaults.
 36020 | D:15     | Entered Level 15 of the Dungeon
 36358 | D:15     | Reached XP level 18. HP: 98/122 MP: 32/42
 36514 | D:15     | Found a staircase to the Depths.
 36828 | D:15     | Identified Qoqicw's Tome of Poisonous Malediction
 37162 | Spider:1 | Entered Level 1 of the Spider Nest
 37290 | Shoals:1 | Entered Level 1 of the Shoals
 38416 | Shoals:2 | Found Cucovucw's Book Shop.
 38629 | Shoals:2 | Found Dirchyrgh's Gadget Gallery.
 40092 | Shoals:4 | Entered Level 4 of the Shoals
 40297 | Shoals:4 | Found Beukkirgh's Firing Range.
 40441 | Shoals:4 | Reached skill level 19 in Spellcasting
 40566 | Shoals:4 | Got a barnacled rune of Zot
 41193 | Shoals:4 | Reached XP level 19. HP: 129/129 MP: 12/44
 41739 | Elf:3    | Bought a manual of Fighting for 1545 gold pieces
 42182 | Spider:1 | Noticed Nikola
 42255 | Spider:1 | Killed Nikola
 44493 | Spider:3 | Acquired 475 gold pieces
 44497 | Spider:3 | Acquired 571 gold pieces
 46152 | Spider:4 | Entered Level 4 of the Spider Nest
 46909 | Spider:4 | Reached skill level 20 in Spellcasting
 47487 | Spider:4 | Reached XP level 20. HP: 137/139 MP: 28/46
 47868 | Spider:4 | Got a gossamer rune of Zot
 48228 | Vaults:1 | Entered Level 1 of the Vaults
 48493 | Vaults:1 | Identified the +12 falchion "Difut" {vorpal, rElec rCorr
                  | Str+8}
 48713 | Vaults:1 | Identified the +0 cloak of the Stag {+Inv Fly rElec Int-5}
 49391 | Vaults:1 | Found Wuanwir's General Store.
 49394 | Vaults:1 | Bought 2 potions of ambrosia for 224 gold pieces
 50069 | Vaults:2 | Found a ruined gateway.
 50073 | Desolati | Entered the Desolation of Salt
 50182 | Desolati | Identified the +7 war axe "Etzeh" {freeze, rElec rCorr}
 50838 | Desolati | Identified the +3 leather armour of the Blessed Realm
                  | {-Cast rElec Will+ rCorr}
 51043 | Desolati | Identified the +8 war axe of Famine {freeze, Contam Fly
                  | rCorr Stlth+}
 51043 | Desolati | Identified the ring of the Fifty Stars {rCorr Int+2 Dex+3}
 51126 | Desolati | Identified the amulet "Qutim" {Spirit Regen+}
 51147 | Desolati | Identified the ring of Wonder {rElec rF- EV+4 Str+3 Dex+4}
 51198 | Desolati | Identified the Papyrus of Intoxication and Displacement
 51448 | Desolati | Identified the +2 pair of boots of Tomorrow {rF++ rN+ rCorr
                  | Stlth-}
 51910 | Vaults:2 | Reached XP level 21. HP: 147/147 MP: 37/47
 52149 | Vaults:2 | Reached skill level 21 in Spellcasting
 52248 | Vaults:2 | Found a staircase to the Crypt.
 53174 | Crypt:1  | Entered Level 1 of the Crypt
 53378 | Vaults:3 | Noticed Aizul
 53828 | Vaults:3 | Killed from afar by a tengu reaver

Illustrated notes

Levels and vault maps discovered:
D:1:      dpeg_arrival_morbid_curiosity, layout_basic, serial_shops, shop, shop,
          nicolae_shop_temple_entry_statues_fountains,
          nicolae_shop_behind_doors, due_unseen_surprise
D:2:      layout_basic
D:3:      minmay_inner_zag, layout_rooms, dilly_ecumenical_altar_fadedgnrine,
          serial_undead, serial_undead_e, serial_undead_a, serial_undead_b,
          serial_undead_f, cheibrodos_sewer_entry_bend
D:4:      cheibrodos_greedy_goblins, layout_cave_pools,
          nicolae_overflow_hidden_temple, serial_shops,
          nicolae_shop_window_shopping, hangedman_decor_opposing,
          minmay_shop_mass
D:5:      layout_basic, minmay_temple_entry_drinking_statues, serial_shops,
          kennysheep_little_box, uniq_grinder, uniq_sigmund, uniq_ijyb
D:6:      layout_gridville
D:7:      layout_rooms
D:8:      layout_basic, grunt_temple_overflow_lords_of_destruction,
          kennysheep_mini, chequers_serial_rivers_micro_e
D:9:      layout_small_grid, kennysheep_mini_moat, erik_orc_1
D:10:     layout_long_grid, due_lair_maze_entry_diamond, minmay_fire_ice_demons
D:11:     layout_stronghold, item_on_display_a
D:12:     layout_layer_cave, mrwooster_statue_mirror
D:13:     layout_basic, serial_shops, shop
D:14:     layout_loops_ring, david_vaults_5, minmay_misc_feat_tower,
          portal_ice_cave_entry_pillars_2, einodemon_armed_red_devil_minivault,
          uniq_azrael
D:15:     grunt_enter_depths_hoard, layout_loops_ring,
          chequers_serial_rivers_micro_c, minmay_more_statues
Temple:   eino_temple_rhombus
Lair:1:   wad_woods_structure_01, layout_loops_ring, gauntlet_entry_generic,
          uniq_erica
Lair:2:   layout_long_grid, spider_nest_entry_funnel_web,
          small_statue_intersection, ice2_lemuel, uniq_urug
Lair:3:   layout_small_grid, elwin_shoals_entry_stream,
          grunt_forest_large_clearings
Lair:4:   layout_gridlike, lemuel_oklob_altar, grunt_megastairs_3
Lair:5:   layout_regular_city, minmay_slime_entry_oklob_enclosed,
          kennysheep_basilisk_garden, minmay_lair_oklob_chamber
Lair:6:   gammafunk_lair_ancient_temple, layout_small_grid, basic_altar
Shoals:1: layout_shoals
Shoals:2: layout_shoals, serial_shops, nicolae_shop_waterfront,
          nicolae_shop_gadgets
Shoals:3: layout_shoals, ldierk_geyser, nicolae_shoals_land_atoll,
          nicolae_shoals_loop_pool
Shoals:4: shoals_end_grunt_garden, layout_shoals, nicolae_shop_firing_range
Spider:1: layout_spider_delve, drop_trap, uniq_nikola
Spider:2: cheibrodos_forgotten_conduit, nicolae_spider_webs_and_nodes
Spider:3: layout_chambers, nicolae_spider_bzzzt
Spider:4: guppyfry_spider_rune
Orc:1:    nicolae_orc_accident_3, layout_caves
Orc:2:    grunt_orc_cross, layout_caves
Elf:1:    elf_arrival_001, layout_onion_city, serial_shops, shop, shop_statue,
          shop, nicolae_shop_overgrown_old_shop, minmay_elf_demonology,
          hangedman_elf_power_crystal
Elf:2:    layout_onion_city
Elf:3:    grunt_elf_hall_diamonds, layout_gridlike, elves_outpost_lemuel,
          minmay_shop_grove
Vaults:1: ontoclasm_vaults_claustrophobia, v_pattern_4, vaults_standard_mumra_x,
          ontoclasm_vaults_loading_screen, grunt_vaults_diagonal, st_hourglassy,
          v_misc_9, vaults_room_corners, nicolae_vaults_little_squares_4,
          layout_vaults_big_cross, serial_shops, nicolae_shop_behind_doors
Vaults:2: minmay_crypt_entry_simple_walls, grunt_vaults_bifocal,
          grunt_vaults_swirl, special_room_vaults [special_room_orc], v_misc_30,
          ontoclasm_vaults_decontamination, ontoclasm_vaults_pinch,
          ontoclasm_vaults_shuriken, v_misc_4, layout_vaults_quadrants,
          portal_desolation_entry_nicolae_nacl
Vaults:3: nicolae_vaults_little_squares_3, st_eye, ontoclasm_vaults_eye,
          nicolae_vaults_border_crossing, nicolae_vaults_diagonal_hallway_8,
          vaults_dpeg_diagonal, v_pattern_3, grunt_vaults_hallway_long,
          vaults_dpeg_cross, nicolae_vaults_theta, hangedman_vaults_impose,
          hangedman_vaults_hat, v_alt_pattern_1, vaults_dpeg_spiral,
          nicolae_vaults_rhombus_5, layout_vaults_maze_bifur, serial_shops,
          nicolae_shop_window_shopping, uniq_aizul
Crypt:1:  layout_gridlike, minivault_26, grunt_megastairs_5,
          grunt_crypt_arrival_webbed

Skill      XL: |  1  2  3  4  5  6  7  8  9 10 11 12 13 14 15 16 17 18 19 20 21 |
---------------+----------------------------------------------------------------+-----
Fighting       | 1 2 3 4 5 6 8 10 11 12 13 14 15 16 17 19 20 | 20.9
Spellcasting   | 4 5 6 8 9 11 12 13 14 15 16 17 18 19 20 21 | 21.6
Earth Magic    | 4 5 6 7 8 9 10 11 12 13 14 15 16 17 18 | 18.9
Shields        | 3 5 6 7 8 9 10 11 12 13 | 13.4
Armour         | 4 7 9 10 11 | 11.4
Dodging        | |  2.4
Stealth        | |  2.4
Transmutations | |  1.1

Action                   |  1- 3 |  4- 6 |  7- 9 | 10-12 | 13-15 | 16-18 | 19-21 || total
-------------------------+-------+-------+-------+-------+-------+-------+-------++-------
Melee: Unarmed           |     6 |       |       |       |       |       |       ||     6
       Rapier            |    48 |   135 |    44 |       |       |       |       ||   227
       Staff             |       |       |    21 |    50 |    60 |    15 |    29 ||   175
 Cast: Sandblast         |    47 |    41 |    57 |   152 |   148 |    54 |   159 ||   658
       Passwall          |     2 |       |       |       |       |       |       ||     2
       Stone Arrow       |       |       |    82 |   159 |    91 |       |       ||   332
       Lee's Rapid Decon |       |       |     2 |    41 |   104 |   154 |   137 ||   438
       Petrify           |       |       |       |     1 |    13 |     3 |     1 ||    18
       Bolt of Magma     |       |       |       |       |   259 |   303 |   368 ||   930
       Iron Shot         |       |       |       |       |       |       |    41 ||    41
       Shatter           |       |       |       |       |       |       |     2 ||     2
Evoke: Wand              |       |     3 |     8 |     2 |    15 |    44 |    17 ||    89
       Lightning rod     |       |       |       |       |    13 |     2 |     5 ||    20
       Tin of tremorston |       |       |       |       |     2 |     4 |     2 ||     8
       Condenser vane    |       |       |       |       |       |     4 |     2 ||     6
  Use: Scroll            |       |     6 |     1 |     9 |    18 |     7 |    10 ||    51
       Potion            |       |       |       |     1 |     3 |     1 |    17 ||    22
 Stab: Sleeping          |     1 |     3 |     1 |     1 |       |       |     1 ||     7
       Paralysed         |       |       |     6 |       |       |       |       ||     6
       Distracted        |       |       |       |       |     1 |       |       ||     1
Armor: Robe              |     3 |       |       |       |       |       |       ||     3
       Ring mail         |    13 |    56 |       |       |       |       |       ||    69
       Troll leather arm |       |    45 |    69 |   123 |   128 |   129 |   246 ||   740
Dodge: Dodged            |    42 |    96 |   103 |   239 |   186 |   117 |   206 ||   989
Block: Kite shield       |       |       |       |       |   224 |   201 |   388 ||   813

Table legend: (Time is in decaauts)
 A = Elapsed time spent in this place.
 B = Non-inter-level travel time spent in this place.
 C = Inter-level travel time spent in this place.
 D = Time resting spent in this place.
 E = Time spent auto-exploring this place.
 F = Levels seen in this place.
 G = Mean time per level.
                   A        B        C        D        E       F      G
               +--------+--------+--------+--------+--------+-----+--------+
         Total |  54357 |  50304 |   4053 |  11297 |  30832 |  43 | 1264.1 |
       Dungeon |  18444 |  16586 |   1858 |   2727 |  11604 |  15 | 1229.6 |
        Temple |    113 |     92 |     21 |      0 |     90 |   1 |  113.0 |
          Lair |   9867 |   8890 |    977 |   2008 |   5424 |   6 | 1644.5 |
        Shoals |   4480 |   4354 |    126 |    847 |   2684 |   4 | 1120.0 |
   Spider Nest |   5777 |   5552 |    225 |   1256 |   3462 |   4 | 1444.2 |
  Orcish Mines |   2405 |   2167 |    238 |    781 |    962 |   2 | 1202.5 |
   Elven Halls |   5321 |   4914 |    407 |   1430 |   2659 |   3 | 1773.7 |
        Vaults |   4199 |   4000 |    199 |    747 |   2558 |   3 | 1399.7 |
         Crypt |      1 |      1 |      0 |      0 |      0 |   1 |    1.0 |
         Sewer |    177 |    177 |      0 |      0 |    121 |   1 |  177.0 |
      Ice Cave |   1605 |   1605 |      0 |    844 |    461 |   1 | 1605.0 |
    Desolation |   1404 |   1404 |      0 |    462 |    569 |   1 | 1404.0 |
      Gauntlet |    558 |    558 |      0 |    195 |    236 |   1 |  558.0 |
               +--------+--------+--------+--------+--------+-----+--------+

Top non-repeatable levels by time:
  Lair:2: 2160 daAuts
Vaults:2: 2102 daAuts
  Lair:1: 2069 daAuts
Spider:3: 2025 daAuts
   Elf:2: 2003 daAuts
     D:9: 1916 daAuts
   Elf:3: 1909 daAuts
Spider:4: 1704 daAuts
Vaults:1: 1613 daAuts
   IceCv: 1605 daAuts
  Lair:6: 1533 daAuts
  Lair:3: 1469 daAuts
    D:11: 1463 daAuts
   Orc:2: 1453 daAuts
   Elf:1: 1408 daAuts
